 Dungeon Crawl Stone Soup version 0.31-a0-963-ga325b2283a (webtiles) character file.

Game seed: 622479497476002437

111 LeprechaunX the Changeling (level 4, 0/29 HPs)
             Began as an Octopode Shapeshifter on Oct 24, 2023.
             Killed from afar by an orc wizard (5 damage)
             ... with a magic dart
             ... on level 3 of the Dungeon.
             The game lasted 00:02:40 (2101 turns).

LeprechaunX the Changeling (Octopode Shapeshifter)  Turns: 2101, Time: 00:02:40

Health: 0/29       AC:  1    Str: 13    XL:     4   Next: 92%
Magic:  4/4        EV: 13    Int: 12    God:
Gold:   121        SH:  5    Dex: 13    Spells: 3/3 levels left

rFire   . .          .
                       - Unarmed
rCold   . . .        (no shield)
rNeg    . . .        (helmet currently unavailable)
rPois   .            l - amulet of reflection
rElec   .            (no ring)
rCorr   .            (no ring)
SInv    .            (no ring)
Will    .....        (no ring)
Stlth   ++           (no ring)
HPRegen 0.24/turn    (no ring)
MPRegen 0.09/turn    (no ring)
                     (no ring)

%: reflection
@: beast-form
A: beast (slay +2), almost no armour, amphibious, 8 rings, camouflage 1,
gelatinous body 1, (nimble swimmer 1), tentacles
a: Begin Untransformation


You were on level 3 of the Dungeon.
You were a hulking beast.
You visited 1 branch of the dungeon, and saw 3 of its levels.

You collected 121 gold pieces.

Inventory:

Hand Weapons
 j - the +0 whip "Pauhereawe" {heavy, rF+ rC+ MP+9 Dex+3}
   (You found it on level 2 of the Dungeon)

   Dex+3:     It affects your dexterity (+3).
   rF+:       It protects you from fire.
   rC+:       It protects you from cold.
   MP+9:      It affects your magic capacity (+9).
Missiles
 t - 4 boomerangs
Armour
 i - an orb of wrath
Jewellery
 l - an amulet of reflection (around mantle)
Talismans
 b - a beast talisman
 c - a flux talisman
Scrolls
 f - 3 scrolls of identify {unknown}
 g - a scroll of fear {unknown}
 h - a scroll of silence {unknown}
 k - 2 scrolls of teleportation {unknown}
 m - a scroll of enchant weapon {unknown}
 o - a scroll of vulnerability {unknown}
 r - a scroll of immolation {unknown}
Potions
 a - a potion of lignification
 d - a potion of haste {unknown}
 e - 2 potions of brilliance {unknown}
 n - a potion of invisibility {unknown}
 p - a potion of berserk rage {unknown}
 q - a potion of degeneration {unknown}
 s - a potion of curing {unknown}


   Skills:
 + Level 2.2 Fighting
 - Level 2.2 Dodging
 + Level 3.6 Unarmed Combat
 * Level 4.1 Shapeshifting


You had 3 spell levels left.
You didn't know any spells.
Your spell library contained the following spells:

 Spells                   Type           Power      Damage    Failure   Level
 Summon Small Mammal      Summ           0%         N/A       32%         1
 Call Canine Familiar     Summ           0%         N/A       69%         3
 Summon Guardian Golem    Hex/Summ       0%         N/A       69%         3


Dungeon Overview and Level Annotations

Branches:
Dungeon (3/15)

Altars:
Uskayaw


Innate Abilities, Weirdness & Mutations

You are a hulking beast.
Your limbs bulge with bestial killing power. (Slay +2)
You cannot wear most types of armour.
You are amphibious.
You can wear up to eight rings at the same time.
Your skin changes colour to match your surroundings (Stealth+).
Your rubbery body absorbs attacks. (AC +1, EV +1)
((You are camouflaged when in or above water. (Stealth+)))
You have tentacles for arms and can constrict up to eight enemies at once.


Message History

An orc priest comes into view. It is wielding a +0 club.
An orc priest is nearby!
An orc priest is nearby!
An orc priest is nearby!
An orc comes into view. It is wielding a +0 whip.
The orc shouts!
The orc priest shouts!
You hear a shout!
An orc comes into view. It is wielding a +0 club.
An orc wizard comes into view.
It is wielding a +2 dagger of holy wrath.
You barely miss the orc. Your grab misses the orc. Your squeeze misses the orc.
The orc hits you with a +0 whip.
You tentacle-slap the orc. You grab the orc. You squeeze the orc.
You kill the orc!
You tentacle-slap the orc priest but do no damage.
You grab the orc priest.
You squeeze the orc priest, but do no damage.
You constrict the orc priest. The orc priest hits you with a +0 club.
You tentacle-slap the orc priest. You squeeze the orc priest.
The orc priest is severely wounded.
You constrict the orc priest, but do no damage.
You tentacle-slap the orc priest.
The orc priest is severely wounded.
You constrict the orc priest.
An orc comes into view. It is wielding a +0 flail.
The orc priest invokes the aid of Beogh against you.
Pain shoots through your body!
The orc wizard casts a spell.
The orc wizard flickers and vanishes!
Deactivating autopickup; reactivate with Ctrl-A.
You are too injured to fight recklessly!
You are too injured to fight recklessly!
You tentacle-slap the orc priest.
You kill the orc priest!
Your Shapeshifting skill increases to level 4!
Unknown command.
A puff of flame appears from out of thin air!
The puff of flame hits you!
* * * LOW HITPOINT WARNING * * *
A magic dart appears from out of thin air!
The magic dart hits you.
You die...

....#.#.)#.###.###.# #.# ###
.8.##.#....# #.....# #.#########
.....#..##.###.###.# #....<.....
8.....#.##.....# #.# ###########
......##..##.#####.## #
......#.#...........# #
..#..#.......###.##.# #
#.#.#.#.###### #.##.#### #
..#.#.#.# #h......# # ###.#.#.#
#.##.##.# # ###.#.#.# #.##.##.# #
##......########.##..#.# #
##..............{###.#.# #
##.#..#########.o###.#.##########
##.#..# ######...............)..
......# #.....o.###.#.##########
##.#..# #.####.## #.#.#


You could see 2 orcs.

Vanquished Creatures
  An orc priest (D:3)
  An adder (D:2)
  6 worms
  2 dart slugs
  2 orcs (D:3)
  3 ball pythons (D:1)
  2 endoplasms
  A giant cockroach (D:3)
  3 goblins
  2 hobgoblins
  3 jackals (D:2)
  2 quokkas (D:1)
  5 bats
  5 frilled lizards
  4 kobolds
  6 rats
  A spectral kobold (D:2)
49 creatures vanquished.

Notes
Turn   | Place    | Note
-------+----------+-------------------------------------------
     0 | D:1      | LeprechaunX the Octopode Shapeshifter began the quest for
                  | the Orb.
     0 | D:1      | Reached XP level 1. HP: 13/13 MP: 1/1
   127 | D:1      | Reached XP level 2. HP: 18/18 MP: 2/2
   952 | D:2      | Reached XP level 3. HP: 23/23 MP: 3/3
   964 | D:2      | Identified the +0 whip "Pauhereawe" {heavy, rF+ rC+ MP+9
                  | Dex+3}
  1254 | D:2      | Reached XP level 4. HP: 14/29 MP: 4/4
  1325 | D:2      | Found a faded altar of an unknown god.
  1793 | D:3      | Found a hide-covered altar of Uskayaw.
  2094 | D:3      | Reached skill level 4 in Shapeshifting
  2101 | D:3      | Killed from afar by an orc wizard

Illustrated notes

Levels and vault maps discovered:
D:1:      tarquinn_simple_flora_water_f, layout_loops_ring, serial_forest,
          infiniplex_forest_zigzag_2, infiniplex_forest_lined_room_2,
          infiniplex_forest_lined_2, infiniplex_forest_end_double,
          infiniplex_forest_straight_4, infiniplex_forest_lined_room_2,
          infiniplex_forest_lined_3, minmay_misc_feat_rows
D:2:      layout_rooms, dreamdust_ecumenical_altar_drowned_temple,
          minmay_tetromino_i2
D:3:      layout_loops_ring, nicolae_uskayaw_dance_hall

Skill      XL: |  1  2  3  4 |
---------------+-------------+-----
Fighting       | 2 |  2.2
Shapeshifting  | 4 |  4.1
Dodging        | |  2.2
Unarmed Combat | |  3.6

Action                     |  1- 3 |  4- 6 || total
---------------------------+-------+-------++-------
  Melee: Unarmed           |    83 |    38 ||   121
         Constrict         |    19 |     9 ||    28
         Tentacles         |    11 |     9 ||    20
   Stab: Sleeping          |     9 |     1 ||    10
 Armour: Skin              |    26 |    14 ||    40
  Dodge: Dodged            |    49 |    13 ||    62
  Block: Other             |     4 |     4 ||     8

Table legend: (Time is in decaauts)
 A = Elapsed time spent in this place.
 B = Non-inter-level travel time spent in this place.
 C = Inter-level travel time spent in this place.
 D = Time resting spent in this place.
 E = Time spent auto-exploring this place.
 F = Levels seen in this place.
 G = Mean time per level.
                   A        B        C        D        E       F      G
               +--------+--------+--------+--------+--------+-----+--------+
         Total |   2093 |   1959 |    134 |      0 |   1622 |   3 |  697.7 |
       Dungeon |   2093 |   1959 |    134 |      0 |   1622 |   3 |  697.7 |
               +--------+--------+--------+--------+--------+-----+--------+

Top non-repeatable levels by time:
     D:1: 946 daAuts
     D:2: 657 daAuts
     D:3: 489 daAuts
